 Dungeon Crawl Stone Soup version 0.31.0-11-ge490571c62 (webtiles) character file.

Game seed: 301684044851167692

39 protoss039 the Digger (level 3, 26/26 HPs)
             Began as a Demonspawn Earth Elementalist on Jan 28, 2024.
             Got out of the dungeon alive.
             The game lasted 00:01:56 (1145 turns).

protoss039 the Digger (DsEE)                        Turns: 1145, Time: 00:01:57

Health: 26/26      AC:  4    Str:  8    XL:     3   Next: 26%
Magic:  6/6        EV: 12    Int: 17    God:
Gold:   64         SH:  0    Dex: 13    Spells: 6/7 levels left

rFire   . . .        e - staff of earth
rCold   . . .        (no shield)
rNeg    . . .        a - +0 robe
rPois   .            (no helmet)
rElec   .            (no cloak)
rCorr   .            i - +1 pair of gloves
SInv    .            (no boots)
Will    .....        (no amulet)
Stlth   ++           (no ring)
HPRegen 0.24/turn    (no ring)
MPRegen 0.10/turn

%: no passive effects
@: no status effects
A: demonic guardian 1
a: no special abilities


You escaped.
You visited 1 branch of the dungeon, and saw 1 of its levels.

You collected 64 gold pieces.

Inventory:

Hand Weapons
 c - a +0 dagger
Armour
 a - a +0 robe (worn)
 i - a +1 pair of gloves (worn)
Magical Staves
 e - a staff of earth (weapon)
Jewellery
 j - a ring of positive energy
Scrolls
 d - a scroll of torment {unknown}
 g - a scroll of butterflies {unknown}
 h - a scroll of revelation {unknown}
Potions
 b - a potion of magic
 f - a potion of enlightenment {unknown}
 k - a potion of invisibility {unknown}


   Skills:
 + Level 1.6 Fighting
 - Level 1.7 Dodging
 - Level 1.7 Stealth
 + Level 2.5 Spellcasting
 - Level 1.0 Conjurations
 + Level 3.1 Earth Magic


You had 6 spell levels left.
You knew the following spells:

 Your Spells              Type           Power      Damage    Failure   Level
a - Sandblast             Erth           38%        2d10      4%          1

Your spell library contained the following spells:

 Spells                   Type           Power      Damage    Failure   Level
 Passwall                 Erth           19%        N/A       16%         3
 Stone Arrow              Conj/Erth      26%        3d8       24%         3
 Brom's Barrelling Bould  Conj/Erth      13%        2d4       61%         4
 Petrify                  Alch/Erth      11%        N/A       67%         4


Dungeon Overview and Level Annotations

Branches:
Dungeon (1/15)

Altars:


Innate Abilities, Weirdness & Mutations

A weak demonic guardian rushes to your aid.


Message History

The hobgoblin is moderately wounded.
The hobgoblin barely misses you.
Your white imp gestures at the hobgoblin.
The puff of frost hits the hobgoblin.
The hobgoblin dies!
Unknown command.
No target in view!
Unknown command.
No target in view!
Your white imp disappears in a puff of smoke!
There is an open door here.
There is a shaft here.
k - a metallic coppery potion You open the door.
Done exploring.
Done exploring.
Done exploring.
Done exploring.
Done exploring.
Done exploring.
Done exploring.
Search for what [? for help]? .
Okay, then.
You aren't carrying any items that you can evoke.
Unknown command.
Okay, then.
Done exploring.
Done exploring.
Done exploring.
Done exploring.
Done exploring.
Search for what [Enter for "."]? .
Done exploring.
Key pressed, stopping travel.
You can't go up here!
Unknown command.
Unknown command.
Unknown command.
There is a staircase leading out of the dungeon here.
You have escaped!

#..# #..........# #%##.# #..#
#..#..#.#### #.##.# #..#
#.)#..########## #....#
##..###.....#####....# #..###
#.........##...#####.### #..#
##.#.####.##.....###...###..#
###.# #.##........##......#
#.# ###.........###.....# #
##.## ###....@....###...#.#
####...####....♣....#####.##.#
.........##.........### #.##.#
.###...#.##........##.# #.##.#
.# ##.##...###.....##.###.##.#
.# #.####.#####...##.....##.#
#####.#
#....#####....#####.####
......# ##########.##.# #..†..
####### #....# ######


There were no monsters in sight!

Vanquished Creatures
  2 dart slugs (D:1)
  5 ball pythons (D:1)
  4 giant cockroaches (D:1)
  3 goblins (D:1)
  A hobgoblin (D:1)
  3 kobolds (D:1)
  3 quokkas (D:1)
  4 bats (D:1)
  3 rats (D:1)
28 creatures vanquished.

Vanquished Creatures (collateral kills)
  A dart slug (D:1)
  A hobgoblin (D:1)
2 creatures vanquished.

Grand Total: 30 creatures vanquished

Notes
Turn   | Place    | Note
-------+----------+-------------------------------------------
     0 | D:1      | protoss039 the Demonspawn Earth Elementalist began the
                  | quest for the Orb.
     0 | D:1      | Reached XP level 1. HP: 13/13 MP: 3/3
   107 | D:1      | Gained mutation: A weak demonic guardian rushes to your
                  | aid. [demonic ancestry]
   107 | D:1      | Reached XP level 2. HP: 17/20 MP: 3/5
   111 | D:1      | Reached skill level 1 in Fighting
   259 | D:1      | Reached skill level 3 in Earth Magic
   399 | D:1      | Found a faded altar of an unknown god.
   506 | D:1      | Reached XP level 3. HP: 26/26 MP: 3/6
  1145 | D:$      | Got out of the dungeon alive.

Illustrated notes

Levels and vault maps discovered:
D:1:      spicycebolla_green_bress_n_ham, layout_loops_ring,
          chequers_ecumenical_altar_simple, chequers_serial_rivers_room_a,
          kennysheep_nondescript

Skill      XL: |  1  2 |
---------------+-------+-----
Fighting       | 1 |  1.6
Earth Magic    | 3 |  3.1
Dodging        | |  1.7
Stealth        | |  1.7
Spellcasting   | |  2.5
Conjurations   | |  1.0

Action                     || total
---------------------------++-------
  Melee: Staff             ||    31
         Dagger            ||     1
   Cast: Sandblast         ||    31
   Stab: Sleeping          ||     2
 Armour: Robe              ||    23
  Dodge: Dodged            ||    40
